AoeStats
← Afu

Arena

509289403Analyzed
1v1 RM · 6d ago on Sep 26, 2026· 33m 13s· 2 players
Game mode
Random Map
Map size
Tiny (2 player)
Population
200
Speed
Normal
Resources
Standard
Victory
Conquest
Starting age
Dark Age
Ending age
Imperial Age
RankedLock teamsTeams togetherTeam positionsShared explorationLock speedFull tech treeHidden civsTurbo modeCheats
Victory
Defeat
🇲🇽 Teutons · Mexico
1041
+14
🇹🇼 Wei · Taiwan
997
-34
Afu
10:51 Feudal Age
12:42 Double-Bit Axe
13:10 Horse Collar
15:33 Castle Age
16:45 Bow Saw
16:57 Heavy Plow
21:52 Gold Mining
23:22 Gold Shaft Mining
22:42 Stone Mining
23:48 Wheelbarrow
24:36 Stone Shaft Mining
30:18 Imperial Age
27:45 Loom
28:18 Hand Cart
28:28 Forging
28:20 Scale Mail Armor
28:10 Fletching
29:59 Iron Casting
29:30 Padded Archer Armor
30:52 Iron Casting
30:32 Chain Mail Armor
30:43 Ballistics
30:10 Treadmill Crane
30:48 Bloodlines
30:38 Husbandry
30:50 Thumb Ring
32:48 Crop Rotation
33:22 Blast Furnace
Yael090
10:55 Feudal Age
16:13 Castle Age
14:42 Double-Bit Axe
14:40 Horse Collar
16:14 Wheelbarrow
21:49 Hand Cart
21:34 Stone Mining
22:06 Gold Mining
23:44 Stone Shaft Mining
24:07 Bow Saw
24:36 Heavy Plow
25:03 Loom
25:04 Town Watch
25:25 Scale Mail Armor
25:16 Fletching
25:38 Squires
26:41 Chain Mail Armor
28:03 Town Patrol
29:16 Redemption
29:16 Bodkin Arrow
29:59 Ironclad
36:23 Imperial Age
Connection lost

Rejoining the realm…

Still unreachable

The connection could not be restored.

Session expired

The server has moved on; the page needs a fresh start.